Map: Dusk Towers

Players

Crabsteak

  • Race: Protoss Protoss
  • League: Silver

LilDicky - Winner!

  • Race: Terran Terran
  • League: Diamond

VOD

http://www.twitch.tv/tumescentpie

Description

Time

  • Played on: Jan. 3, 2016, 3:15 p.m.
  • Length: 18:59
Show
View Real Time Build Order
Export as new Build Order

Crabsteak Protoss 

Build Orders: Blink Stalkers 

Get SALT Encoding   

  12  0:01  Probe (Chrono Boost)  
  13  0:12  Probe (Chrono Boost)  
  14  0:27  Pylon  
  14  0:32  Probe (Chrono Boost)  
  15  0:37  Assimilator  
  15  0:47  Gateway  
  15  0:51  Probe (Chrono Boost)  
  16  1:02  Probe (Chrono Boost)  
  17  1:09  Pylon  
  17  1:12  Probe (Chrono Boost)  
  18  1:23  Probe (Chrono Boost)  
  19  1:33  Probe (Chrono Boost)  
  19  1:39  Cybernetics Core  
  20  1:44  Probe (Chrono Boost)  
  20  1:50  Gateway  
  20  1:54  Probe (Chrono Boost)  
  21  2:07  Warp Gate (Chrono Boost)  
  21  2:14  Nexus  
  21  2:21  Stalker (Chrono Boost)  
  23  2:39  Stalker (Chrono Boost)  
  23  2:40  Pylon  
  25  2:56  Stalker (Chrono Boost)  
  27  2:59  Probe  
  27  3:02  Assimilator  
  28  3:10  Twilight Council  
  28  3:11  Probe  
  29  3:23  Probe  
  30  3:28  Probe  
  31  3:35  Probe  
  31  3:37  Robotics Facility  
  31  3:38  Probe  
  33  3:47  Probe  
  34  3:58  Blink (Chrono Boost)  
  34  4:00  Probe  
  35  4:10  Pylon  
  35  4:13  Probe  
  36  4:17  Probe  
  37  4:24  Gateway  
  37  4:36  Pylon  
  37  4:50  Probe  
  37  4:51  Probe  
  39  4:54  Assimilator  
  39  4:57  Warp Prism (Chrono Boost)  
  39  4:59  Assimilator  
  41  5:01  Stalker x2  
  41  5:03  Probe  
  46  5:07  Probe  
  47  5:16  Probe  
  47  5:19  Probe  
  48  5:26  Zealot x2  
  52  5:34  Gateway  
  52  5:39  Gateway  
  52  5:40  Stalker  
  54  5:44  Probe (Chrono Boost)  
  54  5:46  Probe (Chrono Boost)  
  56  5:50  Stalker x2  
  60  6:32  Pylon  
  60  6:34  Pylon  
  60  6:35  Pylon  
  60  6:36  Probe (Chrono Boost)  
  51  6:45  Zealot x3  
  47  6:56  Probe (Chrono Boost)  
  47  6:58  Immortal (Chrono Boost)  
  52  7:02  Robotics Bay  
  52  7:08  Probe (Chrono Boost)  
  53  7:10  Zealot  
  53  7:11  Zealot x2  
  53  7:14  Probe (Chrono Boost)  
  60  7:19  Pylon  
  60  7:21  Probe (Chrono Boost)  
  61  7:25  Probe (Chrono Boost)  
  62  7:30  Zealot  
  62  7:32  Probe (Chrono Boost)  
  65  7:37  Immortal (Chrono Boost), Probe  
  70  7:48  Nexus  
  70  7:50  Probe  
  70  7:51  Pylon  
  69  8:08  Probe  
  69  8:12  Observer  
  71  8:13  Robotics Facility  
  71  8:22  Stalker  
  71  8:25  Stalker  
  74  8:29  Zealot x3  
  51  8:51  Zealot x5  
  56  9:05  Pylon  
  56  9:07  Probe x3  
  59  9:18  Probe  
  60  9:28  Zealot x2  
  54  9:38  Probe  
  54  9:41  Zealot  
  54  9:43  Stalker x4  
  65  9:50  Probe x2  
  58  10:00  Probe x2  
  58  10:02  Immortal  
  64  10:18  Stalker  
  64  10:19  Stalker x3  
  64  10:20  Zealot  
  74  10:22  Probe x2  
  76  10:32  Probe  
  76  10:34  Nexus  
  77  10:56  Immortal  
  81  11:01  Sentry x2  
  85  11:07  Pylon x2  
  85  11:09  Probe  
  86  11:23  Probe  
  86  11:24  Pylon  
  87  11:32  Sentry x2  
  89  11:37  Pylon  
  91  11:42  Pylon  
  91  12:02  Immortal  
  89  12:25  Probe  
  86  12:30  Probe x2  
  86  12:34  Robotics Bay, Zealot x5  
  86  12:36  Probe  
  98  12:41  Probe, Immortal  
  98  12:43  Assimilator  
  104  12:55  Forge  
  104  13:01  Pylon  
  104  13:17  Probe  
  104  13:19  Pylon  
  105  13:20  Immortal  
  105  13:27  Robotics Facility  
  109  13:31  Pylon  
  109  13:32  Assimilator  
  109  13:49  Photon Cannon  
  109  13:52  Photon Cannon  
  109  13:53  Photon Cannon  
  109  13:56  Photon Cannon  
  109  13:59  Probe x2  
  109  14:00  Twilight Council  
  109  14:12  Colossus (Chrono Boost)  
  115  14:19  Colossus (Chrono Boost)  
  121  14:26  Sentry x3  
  121  14:29  Sentry  
  121  14:31  Sentry  
  125  14:54  Stalker x2  
  129  15:01  Colossus (Chrono Boost)  
  129  15:03  Zealot x2  
  114  15:16  Zealot  
  116  15:27  Templar Archives  
  78  15:47  Zealot  
  78  15:48  Zealot x3  
  58  16:05  Colossus (Chrono Boost)  
  58  16:08  High Templar x4  
  58  16:09  High Templar  
  74  16:20  Archon x2  
  74  16:42  High Templar x4  
  74  16:43  High Templar  
  74  16:46  Archon x2  
  90  16:47  Archon  
  57  17:19  Zealot  
  47  17:29  Stargate  
  47  17:40  Stalker  
  49  17:45  Gateway  
  49  17:48  Gateway  
Show
View Real Time Build Order
Export as new Build Order

LilDicky Terran - Winner!

Build Orders: Command Center First (CC), Bio Mine 

Get SALT Encoding   

  12  0:01  SCV  
  13  0:15  SCV  
  13  0:17  Supply Depot  
  14  0:27  SCV  
  15  0:40  SCV  
  16  0:58  Command Center  
  16  1:01  SCV  
  17  1:15  Barracks  
  17  1:17  SCV  
  18  1:29  SCV  
  19  1:44  SCV  
  21  2:01  Marine  
  21  2:04  Supply Depot  
  21  2:05  Orbital Command  
  21  2:08  Refinery  
  21  2:09  Refinery  
  21  2:10  Orbital Command  
  21  2:19  Marine  
  22  2:27  Bunker  
  22  2:28  Barracks  
  22  2:30  SCV  
  23  2:38  SCV  
  23  2:42  SCV  
  25  2:49  Barracks Tech Lab  
  25  2:50  SCV  
  26  2:55  SCV  
  26  2:57  Barracks  
  27  3:03  SCV  
  28  3:08  Stimpack  
  28  3:09  SCV  
  29  3:15  SCV  
  29  3:19  Barracks Tech Lab  
  30  3:21  SCV  
  30  3:23  Marine  
  32  3:34  SCV x2  
  33  3:38  Combat Shields  
  33  3:39  Command Center, Marine  
  35  3:46  SCV  
  36  3:50  SCV  
  36  3:51  Barracks Reactor, Factory  
  36  3:53  Refinery  
  36  3:59  Marine  
  36  4:00  Marine  
  38  4:03  SCV  
  39  4:18  SCV, Marauder x2  
  39  4:19  SCV  
  45  4:28  Marine  
  46  4:35  Factory Reactor  
  46  4:36  Starport  
  46  4:42  SCV x2, Marine  
  46  4:43  Supply Depot  
  49  4:46  Engineering Bay, Marine x2  
  49  4:47  Engineering Bay  
  49  4:48  Marauder  
  53  4:54  Orbital Command  
  53  4:55  SCV x2  
  55  5:06  Concussive Shells  
  56  5:07  SCV  
  56  5:21  Orbital Command  
  56  5:33  Terran Infantry Weapons Level 1, Terran Infantry Armor Level 1, Missile Turret  
  56  5:34  Widow Mine x2  
  60  5:36  Missile Turret  
  60  5:37  Medivac  
  62  5:43  SCV x2, Refinery  
  62  5:48  SCV  
  62  5:49  Marine x2  
  66  5:50  Marine x2  
  66  5:55  SCV x2  
  71  5:59  Supply Depot  
  71  6:07  Marine x2  
  71  6:10  Barracks, Missile Turret  
  71  6:11  Barracks  
  64  6:27  Widow Mine x2, Medivac  
  67  6:39  Marine x3  
  69  6:40  Marauder  
  69  6:46  SCV x3  
  70  6:56  Marine x2  
  70  6:57  Liberator  
  70  6:58  SCV x2, Marauder  
  76  7:01  Marauder  
  76  7:03  Missile Turret  
  78  7:15  Missile Turret  
  81  7:16  Barracks Tech Lab x2  
  81  7:18  Widow Mine x2  
  85  7:25  Starport  
  85  7:30  Armory  
  85  7:43  Marine x4  
  91  7:44  Marauder  
  91  7:51  Supply Depot  
  91  8:01  Marine x2  
  93  8:07  Supply Depot x2, Starport Tech Lab  
  93  8:08  Starport Reactor  
  93  8:12  Marine x4  
  97  8:19  Marauder  
  101  8:20  Marauder  
  101  8:30  Marine x3  
  104  8:40  Marauder  
  100  8:41  Marauder  
  100  8:47  Marine  
  100  8:48  Marauder x2, Marine  
  98  9:01  Marine  
  98  9:02  Marauder  
  101  9:05  Marine x2  
  107  9:10  Marauder x2  
  107  9:20  Marauder  
  107  9:22  Marine  
  107  9:23  Marine  
  107  9:24  Marauder  
  113  9:30  Marine x2  
  115  9:32  Missile Turret  
  111  9:40  Marine x2, Terran Infantry Weapons Level 2, Terran Infantry Armor Level 2  
  111  9:41  Marine  
  111  9:42  Missile Turret  
  111  9:45  Marauder  
  116  9:49  Marauder x2  
  112  9:58  Liberator, Marine x2  
  108  10:01  Widow Mine  
  108  10:02  Widow Mine  
  108  10:04  Medivac x2  
  116  10:09  Supply Depot  
  116  10:12  Terran Vehicle And Ship Armor Level 1  
  116  10:17  Fusion Core  
  117  10:28  Supply Depot, Marauder x2, Marine x3  
  124  10:31  Supply Depot, Marauder, Liberator  
  124  10:33  Liberator  
  126  10:42  Supply Depot  
  126  10:46  Marine x3  
  126  10:48  Command Center  
  126  10:49  Marine  
  133  10:50  Marauder  
  133  10:53  Marauder  
  133  10:54  SCV  
  133  10:55  Supply Depot  
  142  10:57  SCV  
  142  11:03  Marine x3  
  145  11:07  Marauder  
  147  11:12  SCV x2, Marauder  
  147  11:15  Supply Depot x2  
  147  11:18  Advanced Ballistics  
  151  11:21  Widow Mine  
  151  11:23  Widow Mine  
  155  11:26  Marine x2  
  155  11:31  Supply Depot  
  157  11:33  Marine x2  
  157  11:35  Medivac  
  157  11:38  Medivac  
  157  11:39  Medivac  
  165  11:40  Marine  
  166  11:47  Factory  
  166  11:48  Supply Depot  
  166  11:51  SCV x2  
  168  11:59  SCV  
  169  12:03  SCV  
  169  12:06  Refinery x2  
  169  12:25  Missile Turret  
  169  12:36  Planetary Fortress  
  169  12:39  SCV x2, Marine x2  
  169  12:40  Marine x2, Marauder x2  
  179  12:55  Supply Depot  
  179  12:57  Marine x2  
  181  12:58  Marauder, Starport Reactor  
  181  12:59  Marauder  
  181  13:01  Supply Depot, Marauder x2  
  189  13:15  Marine x2  
  189  13:17  Supply Depot  
  189  13:19  Marine, Widow Mine x2  
  192  13:20  Marauder  
  192  13:22  Barracks, Medivac  
  192  13:24  Barracks  
  192  13:26  Barracks  
  200  13:36  Terran Infantry Weapons Level 3, Terran Infantry Armor Level 3  
  200  13:48  Drilling Claws  
  200  13:49  Refinery  
  200  13:55  Refinery  
  200  14:23  Missile Turret  
  189  15:26  Liberator x2  
  180  15:40  Marine  
  180  15:41  Marauder x2, Marine x4  
  180  15:42  Medivac, Marauder x2  
  180  15:43  Medivac  
  179  16:14  Marine x2  
  179  16:15  Barracks Tech Lab, Marauder x2  
  179  16:16  Barracks Tech Lab  
  185  16:21  Barracks Tech Lab  
  185  16:26  Command Center  
  185  16:33  Command Center  
  184  16:42  Command Center  
  184  16:45  Command Center  
  184  16:49  Command Center  
  184  16:50  Command Center  
  170  17:23  Marine  
  170  17:24  Marine x8  
  177  17:41  Marine x5  
  177  17:42  Marauder x2, Marine  
Tags
 
Add a new tag
Caveats
  • Supply blocks, unpowered buildings, or Contaminate may cause inaccurate times.
  • Supply counts are checked every 10 seconds.